 Dungeon Crawl Stone Soup version 0.28.0-45-g0d030f2227 (webtiles) character file.

Game seed: 4302027093102495739

1081 pkoi the Stinger (level 7, -2/51 HPs)
             Began as a Demigod Venom Mage on Apr 18, 2022.
             Killed from afar by a white imp (15 damage)
             ... with a puff of frost
             ... on level 6 of the Dungeon.
             The game lasted 00:11:41 (10397 turns).

pkoi the Stinger (Demigod Venom Mage)              Turns: 10397, Time: 00:11:41

Health: -2/51      AC:  5    Str:  9    XL:     7   Next: 81%
Magic:  6/13       EV: 12    Int: 28    God:
Gold:   242        SH:  0    Dex: 14    Spells: 2/10 levels left

rFire   . . .      SeeInvis .   i - +3 whip (freeze)
rCold   . . .      Faith    .   (no shield)
rNeg    + . .      Spirit   .   a - +1 robe
rPois   .          Reflect  .   k - +0 helmet "Iwnimiw" {rN+ Int+3}
rElec   .          Harm     .   (no cloak)
rCorr   .          Rampage  .   (no gloves)
Will    .....                   g - +0 pair of boots
Stlth   ++........              w - amulet of the acrobat
HPRegen 0.17/turn               (no ring)
MPRegen 0.13/turn               (no ring)

@: no status effects
A: high MP 1, forlorn, divine attributes
a: no special abilities


You were on level 6 of the Dungeon.
You visited 2 branches of the dungeon, and saw 7 of its levels.

You collected 242 gold pieces.

Inventory:

Hand Weapons
 e - a +0 dagger
 i - a +3 whip of freezing (weapon)
 r - the +1 falchion of Luxury {drain, rElec rCorr Dex-4 Stlth+}
   (You found it on level 3 of the Dungeon)

   A truly terrible weapon, it drains the life of any living foe it strikes.
   Dex:       It affects your dexterity (-4).
   rElec:     It insulates you from electricity.
   rCorr:     It protects you from acid and corrosion.
   Stlth:     It makes you more stealthy.
Missiles
 h - 5 javelins
 q - 9 poisoned darts
Armour
 a - a +1 robe (worn)
 g - a +0 pair of boots (worn)
 k - the +0 helmet "Iwnimiw" (worn) {rN+ Int+3}
   (You took it off Robin on level 1 of the Dungeon)

   Int:       It affects your intelligence (+3).
   rN:        It protects you from negative energy.
Jewellery
 b - a ring of fire
 w - an amulet of the acrobat (around neck)
Wands
 l - a wand of acid (8)
 m - a wand of digging (2)
 s - a wand of polymorph (5)
 v - a wand of charming (5)
Scrolls
 c - a scroll of enchant weapon
 y - a scroll of teleportation
Potions
 d - a potion of mutation {unknown}
 f - a potion of degeneration {unknown}
 j - a potion of berserk rage {unknown}
 n - a potion of resistance
 o - 3 potions of might {unknown}
 p - a potion of curing {unknown}
 t - a potion of invisibility {unknown}
 u - a potion of magic {unknown}
 x - a potion of lignification {unknown}


   Skills:
 + Level 0.7 Fighting
 - Level 2.0 Dodging
 - Level 1.7 Stealth
 + Level 2.0 Spellcasting
 + Level 3.2 Conjurations
 + Level 0.7 Translocations
 - Level 4.6 Transmutations
 + Level 3.2 Air Magic
 + Level 5.4 Poison Magic


You had 2 spell levels left.
You knew the following spells:

 Your Spells              Type           Power      Damage    Failure   Level
a - Sting                 Tmut/Pois      100%       1d8       1%          1
b - Poisonous Vapours     Pois/Air       54%        N/A       2%          2
c - Mephitic Cloud        Conj/Pois/Air  25%        N/A       5%          3
d - Blink                 Tloc           12%        N/A       11%         2

Your spell library contained the following spells:

 Spells                   Type           Power      Damage    Failure   Level
 Olgreb's Toxic Radiance  Pois           33%        N/A       10%         4
 Lesser Beckoning         Tloc           6%         N/A       21%         3
 Manifold Assault         Tloc           6%         N/A       88%         5


Dungeon Overview and Level Annotations

Branches:
Dungeon (6/15)             Temple (1/1) D:5

Shops:
D:1 (   D:2 *

Annotations:
D:5 1 runed translucent door, brightshaft's ghost, novice DjCj


Innate Abilities, Weirdness & Mutations

You have an increased reservoir of magic. (+10% MP)
You shall have no god before yourself.
Your divine heritage dramatically boosts your attributes as you level up.


Message History

Aim: a white imp (lightly wounded, poisoned, 78% to hit)
The sting misses the white imp.
The white imp gestures at you. The puff of frost misses you.
The white imp hits you.
* * * LOW HITPOINT WARNING * * *
The white imp freezes you.
* * * LOW HITPOINT WARNING * * *
Aiming: Sting (safe; 1% risk of failure)
Press: ? - help, Q - select action, (/) - cycle Shift-Dir - straight line, f/p - white imp
Aim: a white imp (lightly wounded, poisoned, 78% to hit)
The sting hits the white imp.
The white imp looks even sicker.
The white imp is lightly wounded.
The white imp hits you but does no damage. x2
Aiming: Sting (safe; 1% risk of failure)
Press: ? - help, Q - select action, (/) - cycle Shift-Dir - straight line, f - white imp, p - white imp
Aim: a white imp (heavily wounded, 78% to hit)
The sting hits the white imp.
The white imp partially resists.
The white imp is almost dead.
The white imp gestures at you. The puff of frost misses you.
The white imp hits you.
* * * LOW HITPOINT WARNING * * *
The white imp freezes you.
* * * LOW HITPOINT WARNING * * *
Aiming: Sting (safe; 1% risk of failure)
Press: ? - help, Q - select action, (/) - cycle Shift-Dir - straight line, f/p - white imp
Aim: a white imp (almost dead, 78% to hit)
The sting misses the white imp.
The white imp hits you.
* * * LOW HITPOINT WARNING * * *
The white imp freezes you.
* * * LOW HITPOINT WARNING * * *
The white imp hits you but does no damage.
Aiming: Sting (safe; 1% risk of failure)
Press: ? - help, Q - select action, (/) - cycle Shift-Dir - straight line, f/p - white imp
Aim: a white imp (almost dead, 78% to hit)
The sting hits the white imp.
The white imp partially resists.
You kill the white imp!
The white imp gestures at you. The puff of frost hits you!
You die...

## #.#### #.#
....####.####### #.##
#............. #..#
#####..###.### ##.#
##...## #.# #..#..# #
#.# ###'###'###'# #.#
######..#.......# #.#
##....#..#...@5..#
#.##
#).##.'..'###'###'..+
#..#
#.###.#..#.'...'.#..#
##.# #.#
#.#..#.#...#.# .# #.#
#.# #|+##'.#._.# + '
#.. ####.# #.#..
.#...# .... #....#
#.#. .'...' ##..
#.#### #.+ ###'## ...
#.# #.# ... ...


You could see a white imp (very poisoned).

Vanquished Creatures
  Sigmund (D:3)
  Eustachio (D:4)
  An ogre (D:4)
  A phantom (D:6)
  2 water moccasin skeletons
  A bullfrog zombie (D:6)
  A hound (D:4)
  A jelly (D:4)
  A centaur skeleton (D:4)
  3 iguanas
  An orc wizard (D:4)
  Natasha (thrice) (D:2)
  A hound zombie (D:5)
  A hound skeleton (D:5)
  Robin (D:1)
  9 adders
  A howler monkey skeleton (D:5)
  A white imp (D:6)
  2 worms (D:5)
  2 dart slugs
  8 orcs
  8 ball pythons
  9 endoplasms
  3 giant cockroaches
  12 goblins
  13 hobgoblins
  4 quokkas
  5 bats
  2 frilled lizards
  6 kobolds
  5 rats
110 creatures vanquished.

Vanquished Creatures (others)
  A plant (D:5)
1 creature vanquished.

Grand Total: 111 creatures vanquished

Notes
Turn   | Place    | Note
-------+----------+-------------------------------------------
     0 | D:1      | pkoi the Demigod Venom Mage began the quest for the Orb.
     0 | D:1      | Reached XP level 1. HP: 14/14 MP: 5/5
   115 | D:1      | Reached skill level 1 in Transmutations
   761 | D:1      | Reached skill level 3 in Poison Magic
  1031 | D:1      | Found Jezimul's Antique Weapon Shoppe.
  1033 | D:1      | Reached XP level 2. HP: 20/20 MP: 5/7
  2143 | D:2      | Identified the +0 helmet "Iwnimiw" {rN+ Int+3}
  2143 | D:2      | Noticed Robin
  2144 | D:2      | Found Curhulu's General Store.
  2154 | D:2      | Reached XP level 3. HP: 25/26 MP: 5/8
  2705 | D:1      | Killed Robin
  3148 | D:2      | Noticed Natasha
  3156 | D:2      | Killed Natasha
  3157 | D:2      | Reached XP level 4. HP: 14/33 MP: 3/9
  3651 | D:2      | Noticed Natasha
  3661 | D:2      | Killed Natasha
  3662 | D:2      | Reached skill level 4 in Poison Magic
  3955 | D:2      | Learned a level 2 spell: Poisonous Vapours
  3959 | D:2      | Learned a level 3 spell: Mephitic Cloud
  3980 | D:2      | Noticed Natasha
  3986 | D:2      | Killed Natasha
  3987 | D:2      | Reached XP level 5. HP: 28/38 MP: 6/10
  4437 | D:3      | Noticed Sigmund
  4452 | D:3      | Killed Sigmund
  4453 | D:3      | Reached skill level 1 in Conjurations
  4453 | D:3      | Reached skill level 1 in Air Magic
  4453 | D:3      | Reached XP level 6. HP: 39/45 MP: 7/11
  4861 | D:3      | Identified the +1 falchion of Luxury {drain, rElec rCorr
                  | Dex-4 Stlth+}
  6055 | D:4      | Noticed Eustachio
  6083 | D:4      | Killed Eustachio
  6084 | D:4      | Reached skill level 5 in Poison Magic
  6084 | D:4      | Reached XP level 7. HP: 41/50 MP: 3/12
  6796 | D:5      | Entered Level 5 of the Dungeon
  8258 | D:5      | Found a staircase to the Ecumenical Temple.
  8267 | Temple   | Entered the Ecumenical Temple
  8688 | D:5      | Learned a level 2 spell: Blink
  8847 | D:5      | Found a runed translucent door.
  8935 | D:5      | Noticed brightshaft's ghost (novice DjCj)
 10397 | D:6      | Killed from afar by a white imp

Illustrated notes

Levels and vault maps discovered:
D:1:      dpeg_arrival_brainrot, layout_loops_ring,
          chequers_ecumenical_altar_simple, serial_shops,
          nicolae_shop_hallway_plus
D:2:      layout_basic, serial_shops, shop, uniq_natasha, uniq_robin
D:3:      layout_basic, eat_drink_and_be_merry_uskayaw,
          grunt_temple_overflow_diamond, uniq_sigmund
D:4:      layout_gridville, fedhas_altar_3, uniq_eustachio
D:5:      layout_layer_cave, mainiacjoe_overflow_small_starburst,
          minmay_temple_entry_gardened_gates, ebering_ghost_sewer_d,
          nicolae_zen_rock_garden, nrook_loot_triangle,
          kennysheep_generic_room_12
D:6:      layout_rooms, marbit_many_paths, mainiacjoe_overflow_24_doors,
          nicolae_wu_jian_immortal_techniques
Temple:   cyrus_temple_forest

Skill      XL: |  1  2  3  4  5  6  7 |
---------------+----------------------+-----
Transmutations | 1 2 3 4 |  4.6
Poison Magic   | 3 4 5 |  5.4
Conjurations   | 1 2 3 |  3.2
Air Magic      | 1 2 3 |  3.2
Dodging        | 2 |  2.0
Spellcasting   | 2 |  2.0
Fighting       | |  0.7
Stealth        | |  1.7
Translocations | |  0.7

Action                   |  1- 3 |  4- 6 |  7- 9 || total
-------------------------+-------+-------+-------++-------
Melee: Unarmed           |    20 |       |       ||    20
       Dagger            |    12 |       |       ||    12
       Whip              |    16 |     2 |    97 ||   115
       Falchion          |       |    20 |     9 ||    29
       Punch             |       |       |     2 ||     2
 Cast: Sting             |    85 |   104 |    44 ||   233
       Poisonous Vapours |       |       |    13 ||    13
  Use: Scroll            |     1 |       |     9 ||    10
Armor: Robe              |    23 |    32 |    27 ||    82
Dodge: Dodged            |    69 |    69 |    70 ||   208
